 Dungeon Crawl Stone Soup version 0.28-a0-906-g0406aca7d3 (webtiles) character file.

Game seed: 7533272568678834715

708 pokeman the Thaumaturge (level 7, 0/39 HPs)
             Began as a Deep Elf Hedge Wizard on Nov 24, 2021.
             Slain by a gnoll (4 damage)
             ... on level 5 of the Dungeon.
             The game lasted 00:15:33 (6476 turns).

pokeman the Thaumaturge (Deep Elf Hedge Wizard)     Turns: 6476, Time: 00:15:33

Health: 0/39       AC:  4    Str:  7    XL:     7   Next: 40%
Magic:  4/20       EV: 12    Int: 21    God:
Gold:   263        SH:  0    Dex: 14    Spells: 11/22 levels left

rFire   . . .      SeeInvis .   i - +0 war axe
rCold   . . .      Faith    .   (no shield)
rNeg    . . .      Spirit   .   o - +0 leather armour
rPois   .          Reflect  .   c - +0 hat
rElec   .          Harm     .   l - +0 cloak
rCorr   .          Rampage  .   (no gloves)
Will    .....                   (no boots)
Stlth   ++........              (no amulet)
HPRegen 0.13/turn               (no ring)
MPRegen 0.17/turn               (no ring)

@: lethally poisoned (0 -> -3), very slightly contaminated
A: no striking features
a: no special abilities


You were on level 5 of the Dungeon.
You visited 2 branches of the dungeon, and saw 6 of its levels.

You collected 263 gold pieces.

Inventory:

Hand Weapons
 i - a +0 war axe (weapon)
Missiles
 m - 77 arrows
Armour
 c - a +0 hat (worn)
 l - a +0 cloak (worn)
 o - a +0 leather armour (worn)
Wands
 q - a wand of polymorph (10)
Scrolls
 a - 2 scrolls of immolation {unknown}
 b - a scroll of noise {unknown}
 d - 2 scrolls of teleportation {unknown}
 e - a scroll of enchant weapon {unknown}
 f - a scroll of amnesia {unknown}
 j - 2 scrolls of silence {unknown}
 k - a scroll of acquirement {unknown}
 p - 4 scrolls of identify {unknown}
 s - a scroll of vulnerability {unknown}
Potions
 g - a potion of ambrosia {unknown}
 h - a potion of haste {unknown}
 n - 2 potions of attraction {unknown}
 r - a potion of curing {unknown}
 t - a potion of invisibility {unknown}


   Skills:
 + Level 1.7 Fighting
 - Level 1.0 Armour
 - Level 3.2 Dodging
 - Level 3.0 Stealth
 * Level 8.1 Spellcasting
 + Level 4.0 Conjurations
 - Level 1.1 Summonings
 - Level 1.1 Translocations
 + Level 2.3 Fire Magic
 - Level 1.0 Air Magic
 - Level 1.3 Poison Magic
 - Level 1.0 Evocations


You had 11 spell levels left.
You knew the following spells:

 Your Spells              Type           Power      Damage    Failure   Level
a - Magic Dart            Conj           100%       1d8       2%          1
b - Mephitic Cloud        Conj/Pois/Air  17%        N/A       14%         3
c - Call Imp              Summ           13%        N/A       11%         2
d - Blink                 Tloc           26%        N/A       11%         2
e - Conjure Flame         Conj/Fire      21%        6-21      10%         3

Your spell library contained the following spells:

 Spells                   Type           Power      Damage    Failure   Level
 Poisonous Vapours        Pois/Air       26%        N/A       11%         2
 Slow                     Hex            32%        N/A       12%         1
 Corpse Rot               Necr/Air       20%        N/A       14%         2
 Confusing Touch          Hex            8%         N/A       34%         3
 Vampiric Draining        Necr           8%         2d6       34%         3
 Borgnjor's Revivificati  Necr           4%         N/A       100%        8
 Necromutation            Tmut/Necr      4%         N/A       100%        8
 Death's Door             Necr           4%         N/A       100%        9


Dungeon Overview and Level Annotations

Branches:
Dungeon (5/15)             Temple (1/1) D:5

Altars:
Ashenzari
Dithmenos
Elyvilon
Gozag
Kikubaaqudgha
Makhleb
Nemelex Xobeh
Qazlal
Ru
Sif Muna
Wu Jian
Yredelemnul
Lugonu

Shops:
D:5 *

Annotations:
D:5 1 transporter, Cancer's ghost, novice GrCj


Message History

Press: ? - help, Shift-Dir - straight line, f - gnoll, p - gnoll sergeant
Aim: a gnoll, wielding a +2 spear of venom (chance to affect: 91%)
You miscast Mephitic Cloud.
Nothing appears to happen.
The gnoll hits you from afar with a +2 spear of venom!
You are poisoned.
The gnoll hits something with a +0 spear.
The gnoll sergeant is engulfed in blazing flames.
Casting: Mephitic Cloud (quite dangerous; 14% risk of failure)
Confirm with . or Enter, or press ? or * to list all spells.
The spell is quite dangerous to cast (14% risk of failure)!
Continue anyway?
Aiming: Mephitic Cloud (quite dangerous; 14% risk of failure)
Press: ? - help, Shift-Dir - straight line, f/p - gnoll
Aim: a gnoll, wielding a +2 spear of venom (chance to affect: 91%)
The ball explodes into a vile cloud!
The stinking cloud engulfs the gnoll but does no damage.
You feel sick.
The gnoll is engulfed in noxious fumes.
The gnoll appears confused.
The gnoll hits something with a +0 spear!
Unknown command.
You rip the net and break free!
You feel sick.
The gnoll is engulfed in noxious fumes.
The gnoll appears confused.
The gnoll closely misses you.
Something blocks the gnoll's attack.
The gnoll sergeant hits the gnoll with a +0 trident!
You hear a shout!
Unknown command.
You hit the gnoll but do no damage.
The gnoll is severely wounded.
You catch the helpless gnoll sergeant completely off-guard!
You hit the gnoll sergeant but do no damage.
You feel sick.
The gnoll is engulfed in noxious fumes.
The gnoll appears confused.
The gnoll hits the gnoll sergeant but does no damage.
The gnoll sergeant is poisoned.
The gnoll hits something but does no damage.
The gnoll hits itself with a +0 spear.
The gnoll sergeant hits you with a +0 trident!
* * * LOW HITPOINT WARNING * * *
The gnoll is engulfed in noxious fumes.
The gnoll appears confused.
The gnoll hits you with a +2 spear of venom.
You die...

.≈≈#...###.#####.###...#≈≈..#
.≈≈###.......gg......###≈≈..#
.≈≈.8#.######W######.#8.≈≈..#
.≈≈.##.#.⌠.#.g8#...#.##.≈≈..#
.≈≈.#..'g..g.©⌠#:..'.g#.≈≈..#
.≈≈.##.#.⌠.#g.8#...#.##.≈≈..#
.≈≈.8#.######'######.#8.≈≈..#
.≈≈###.......gg☼gg°..###≈≈..#
.≈≈#gg.###.#####@###...#≈≈..#
.≈≈#g#.#.###.©.###.#g#g#≈≈..#
)≈≈#####...........#####≈≈..#
)≈≈≈≈≈≈≈≈≈≈≈≈≈≈≈≈≈≈≈≈≈≈≈≈≈..#
.≈≈≈≈≈≈≈≈≈≈≈≈≈≈≈≈≈≈≈≈≈≈≈≈≈..#
.)..........................#
................########....#
################# ######


You could see 2 gnoll sergeants, a gnoll shaman and 3 gnolls.

Vanquished Creatures
  2 ogres
  A phantom (D:5)
  Blork the orc (D:4)
  A gnoll shaman (D:5)
  3 hounds
  3 orc wizards (D:5)
  7 gnolls
  3 adders
  An ufetubus (D:5)
  A worm (D:2)
  4 dart slugs
  14 orcs
  2 bats
  9 endoplasms
  5 giant cockroaches
  7 goblins
  11 hobgoblins
  5 kobolds
  3 ball pythons
  4 frilled lizards
  3 rats
90 creatures vanquished.

Vanquished Creatures (others)
  6 plants (D:5)
6 creatures vanquished.

Grand Total: 96 creatures vanquished

Notes
Turn   | Place    | Note
-------+----------+-------------------------------------------
     0 | D:1      | pokeman the Deep Elf Hedge Wizard began the quest for the
                  | Orb.
     0 | D:1      | Reached XP level 1. HP: 10/10 MP: 7/7
   448 | D:1      | Reached XP level 2. HP: 16/16 MP: 2/9
  1357 | D:2      | Reached skill level 5 in Spellcasting
  1736 | D:2      | Reached XP level 3. HP: 15/20 MP: 4/11
  1740 | D:2      | Learned a level 3 spell: Mephitic Cloud
  1743 | D:2      | Learned a level 2 spell: Call Imp
  1746 | D:2      | Learned a level 2 spell: Blink
  1750 | D:2      | Learned a level 3 spell: Conjure Flame
  2271 | D:2      | Reached skill level 1 in Fighting
  2421 | D:2      | Reached skill level 1 in Armour
  2677 | D:3      | Reached XP level 4. HP: 21/25 MP: 2/13
  3361 | D:3      | Found a faded altar of an unknown god.
  4163 | D:4      | Identified the +10 plate armour "Zamnivol" {rPois}
  4176 | D:4      | Noticed an ogre
  4183 | D:4      | Killed an ogre
  4184 | D:4      | Reached skill level 6 in Spellcasting
  4184 | D:4      | Reached skill level 1 in Fire Magic
  4184 | D:4      | Reached XP level 5. HP: 29/29 MP: 2/15
  4384 | D:4      | Noticed Blork the orc
  4395 | D:4      | Killed Blork the orc
  4441 | D:4      | Reached XP level 6. HP: 34/34 MP: 2/17
  4505 | D:4      | Reached skill level 1 in Air Magic
  4872 | D:5      | Entered Level 5 of the Dungeon
  4877 | D:5      | Found a transporter.
  4883 | D:5      | Found a shadowy altar of Dithmenos.
  4887 | D:5      | Reached skill level 7 in Spellcasting
  5006 | D:5      | Found Fuaxt's Gadget Gallery.
  5040 | D:5      | Reached skill level 1 in Evocations
  5119 | D:5      | Found a staircase to the Ecumenical Temple.
  5135 | Temple   | Entered the Ecumenical Temple
  5263 | D:5      | Reached skill level 1 in Poison Magic
  5517 | D:5      | Reached XP level 7. HP: 17/38 MP: 14/20
  5798 | D:5      | Reached skill level 8 in Spellcasting
  5979 | D:5      | Found a stormy altar of Qazlal.
  6034 | D:5      | Found a shimmering blue altar of Sif Muna.
  6138 | D:5      | Found a transporter.
  6142 | D:5      | Identified the ring "Udimirib" {MP-9 Str-2 Int+8 Dex+6
                  | Stlth+}
  6146 | D:5      | Noticed Cancer's ghost (novice GrCj)
  6476 | D:5      | Slain by a gnoll

Illustrated notes

Levels and vault maps discovered:
D:1:      evilmike_arrival_plus, layout_basic, amcnicky_mini_corridor_feature
D:2:      minmay_diamond_boxcup, layout_basic
D:3:      minmay_skewed_foursquare, layout_loops_cross,
          nicolae_ecumenical_lake_church, kennysheep_decorative_pillar
D:4:      layout_basic, uniq_blork_the_orc
D:5:      layout_rooms, grunt_qazlal_sundering, amcnicky_altar_gilded,
          lemuel_blue_sif_altar, minmay_temple_entry_offerings,
          gammafunk_ghost_gnarly_gnolls, nicolae_shop_gadgets
Temple:   kb_corrupted_temple

Skill      XL: |  1  2  3  4  5  6  7 |
---------------+----------------------+-----
Spellcasting   | 5 6 7 8 |  8.1
Fighting       | 1 |  1.7
Armour         | 1 |  1.0
Conjurations   | 2 3 4 |  4.0
Dodging        | 3 |  3.2
Fire Magic     | 1 2 |  2.3
Stealth        | 3 |  3.0
Air Magic      | 1 |  1.0
Evocations     | 1 |  1.0
Poison Magic   | 1 |  1.3
Summonings     | |  1.1
Translocations | |  1.1

Action                   |  1- 3 |  4- 6 |  7- 9 || total
-------------------------+-------+-------+-------++-------
Melee: War axe           |    13 |    20 |    18 ||    51
 Cast: Magic Dart        |   106 |    99 |    18 ||   223
       Mephitic Cloud    |     1 |     8 |     5 ||    14
       Conjure Flame     |       |     4 |     2 ||     6
       Call Imp          |       |       |     1 ||     1
 Stab: Confused          |     1 |     3 |     3 ||     7
Armor: Robe              |     7 |       |       ||     7
       Leather armour    |       |    12 |     5 ||    17
Dodge: Dodged            |    24 |    30 |    12 ||    66

Table legend: (Time is in decaauts)
 A = Elapsed time spent in this place.
 B = Non-inter-level travel time spent in this place.
 C = Inter-level travel time spent in this place.
 D = Time resting spent in this place.
 E = Time spent auto-exploring this place.
 F = Levels seen in this place.
 G = Mean time per level.
                   A        B        C        D        E       F      G
               +--------+--------+--------+--------+--------+-----+--------+
         Total |   6503 |   6380 |    123 |    457 |   5158 |   6 | 1083.8 |
       Dungeon |   5927 |   5825 |    102 |      0 |   5082 |   5 | 1185.4 |
        Temple |    575 |    554 |     21 |    457 |     76 |   1 |  575.0 |
               +--------+--------+--------+--------+--------+-----+--------+

Top non-repeatable levels by time:
     D:2: 1610 daAuts
     D:3: 1336 daAuts
     D:5: 1041 daAuts
     D:1: 980 daAuts
     D:4: 958 daAuts
  Temple: 575 daAuts
